 Dungeon Crawl Stone Soup version 0.29.1-13-g9f3cf754e1 (webtiles) character file.

Game seed: 10213449198131943108

53 MacCMillion the Stinger (level 3, -1/28 HPs)
             Began as a Naga Venom Mage on Feb 10, 2023.
             Slain by a gnoll
             ... wielding a +0 flail of protection
              (10 damage)
             ... on level 2 of the Dungeon.
             The game lasted 00:06:26 (2622 turns).

MacCMillion the Stinger (Naga Venom Mage)           Turns: 2622, Time: 00:06:26

Health: -1/28      AC:  3    Str: 10    XL:     3   Next: 87%
Magic:  1/6        EV:  9    Int: 17    God:
Gold:   96         SH:  0    Dex: 11    Spells: 0/6 levels left

rFire   . . .      SeeInvis +   l - +0 dagger
rCold   . . .      Faith    .   (no shield)
rNeg    . . .      Spirit   .   a - +0 robe
rPois   +          Reflect  .   d - +0 helmet
rElec   .          Harm     .   (no cloak)
rCorr   .          Rampage  .   (no gloves)
Will    .....                   (no barding)
Stlth   ++........              (no amulet)
HPRegen 0.09/turn               (no ring)
MPRegen 0.10/turn               (no ring)

@: very slow
A: AC +1, large, see invisible, deformed body, poison resistance, slowness 2,
spit poison 1, naga tail 1
a: Spit Poison


You were on level 2 of the Dungeon.
You visited 1 branch of the dungeon, and saw 2 of its levels.

You collected 96 gold pieces.

Inventory:

Hand Weapons
 k - a +0 short sword
 l - a +0 dagger (weapon)
Armour
 a - a +0 robe (worn)
 d - a +0 helmet (worn)
Scrolls
 c - a scroll of fear {unknown}
 e - a scroll of immolation {unknown}
 f - a scroll of noise {unknown}
 g - a scroll of amnesia {unknown}
 h - a scroll of silence {unknown}
Potions
 b - a potion of magic
 i - 2 potions of curing {unknown}
 j - 2 potions of resistance {unknown}
 m - a potion of invisibility {unknown}


   Skills:
 - Level 1.5 Dodging
 - Level 3.0 Stealth
 - Level 2.0 Spellcasting
 - Level 1.0 Transmutations
 + Level 1.0 Air Magic
 - Level 6.0 Poison Magic


You couldn't memorise any spells.
You knew the following spells:

 Your Spells              Type           Power      Damage    Failure   Level
a - Sting                 Tmut/Pois      52%        1d5       4%          1
b - Poisonous Vapours     Pois/Air       26%        N/A       7%          2
c - Mephitic Cloud        Conj/Pois/Air  9%         N/A       22%         3

Your spell library contained the following spells:

 Spells                   Type           Power      Damage    Failure   Level
 Olgreb's Toxic Radiance  Pois           22%        N/A       16%         4
 Sandblast                Erth           2%         2d4       19%         1
 Passwall                 Tmut/Erth      2%         N/A       24%         2
 Stone Arrow              Conj/Erth      2%         3d7       50%         3


Dungeon Overview and Level Annotations

Branches:
Dungeon (2/15)

Altars:


Innate Abilities, Weirdness & Mutations

Your serpentine skin is tough. (AC +1)
You have supernaturally acute eyesight. (SInv)
Armour fits poorly on your strangely shaped body.
Your system is resistant to poisons. (rPois)
You cover ground very slowly.
You can spit poison.
You have a snake-like lower body.


Message History

Aiming: Poisonous Vapours (safe; 7% risk of failure)
Press: ? - help, Dir - move target, f/p - gnoll
Aim: a gnoll, wielding a +0 flail of protection (lightly wounded, poisoned) Poisonous vapours surround the gnoll!
The gnoll looks even sicker.
Unknown command.
You can't see any susceptible monsters within range! (Use Z to cast anyway.)
You can't see any susceptible monsters within range! (Use Z to cast anyway.)
You miscast Sting.
You are very lightly contaminated with residual magic.
Nothing appears to happen.
The sting hits the gnoll.
The gnoll looks even sicker.
The gnoll is severely wounded.
You are out of magic!
You barely miss the gnoll.
The gnoll is severely wounded.
The gnoll hits you with a +0 flail of protection.
You hit the gnoll but do no damage.
The gnoll is severely wounded.
The gnoll barely misses you.
You hit the gnoll but do no damage.
The gnoll is severely wounded.
The gnoll barely misses you.
You hit the gnoll but do no damage.
The gnoll is severely wounded.
The gnoll closely misses you.
You hit the gnoll.
The gnoll is almost dead.
The gnoll hits you with a +0 flail of protection.
Your magical contamination has completely faded away.
You barely miss the gnoll.
The gnoll is almost dead.
The gnoll hits you with a +0 flail of protection!
You barely miss the gnoll. Your punch misses the gnoll.
The gnoll is almost dead.
A kobold comes into view. It is wielding a +0 club.
The gnoll hits you with a +0 flail of protection.
You hit the gnoll but do no damage.
The gnoll is almost dead.
The gnoll hits you with a +0 flail of protection!
You die...

#.# #.#####.....' .. #.#
#.#........## ... #.#
#.#........## ....
#.###.#........##
....#######.#...#.....(..##
.........##.#.###..........
.........##>...............
.........##.#)####.........
#........g@................
#.#########.#..............
...'..............
###'#..............
.......(...<......
...........#######
....######## #.## ....#
########.## .. .........##


You could see a gnoll (poisoned).

Vanquished Creatures
  2 adders
  2 dart slugs
  An endoplasm (D:2)
  2 giant cockroaches (D:1)
  6 goblins
  6 jackals
  4 ball pythons
  A bat (D:1)
  2 frilled lizards (D:1)
  3 kobolds
29 creatures vanquished.

Notes
Turn   | Place    | Note
-------+----------+-------------------------------------------
     0 | D:1      | MacCMillion the Naga Venom Mage began the quest for the
                  | Orb.
     0 | D:1      | Reached XP level 1. HP: 15/15 MP: 3/3
   215 | D:1      | Reached XP level 2. HP: 22/22 MP: 0/5
   218 | D:1      | Learned a level 2 spell: Poisonous Vapours
   555 | D:1      | Reached skill level 5 in Poison Magic
  1495 | D:2      | Reached XP level 3. HP: 28/28 MP: 4/6
  1980 | D:1      | Learned a level 3 spell: Mephitic Cloud
  2218 | D:2      | Reached skill level 6 in Poison Magic
  2532 | D:2      | Reached skill level 1 in Air Magic
  2622 | D:2      | Slain by a gnoll

Illustrated notes

Levels and vault maps discovered:
D:1:      roderic_octagonal_star, layout_basic
D:2:      layout_basic, uniq_sigmund

Skill      XL: |  1  2  3 |
---------------+----------+-----
Poison Magic   | 5 6 |  6.0
Air Magic      | 1 |  1.0
Dodging        | |  1.5
Stealth        | |  3.0
Spellcasting   | |  2.0
Transmutations | |  1.0

Action                   || total
-------------------------++-------
Melee: Unarmed           ||     4
       Punch             ||     2
       Short sword       ||     1
       Dagger            ||    18
 Cast: Sting             ||    43
       Poisonous Vapours ||    10
Armor: Robe              ||     9
Dodge: Dodged            ||    31
